 Dungeon Crawl Stone Soup version 0.23-a0-558-g30802b1 (webtiles) character file.

67 Leeroy the Charmwright (level 4, -5/38 HPs)
             Began as a Gnoll Skald on Dec 10, 2018.
             Slain by a worm (6 damage)
             ... on level 3 of the Dungeon on Dec 11, 2018.
             The game lasted 00:10:34 (1520 turns).

Leeroy the Charmwright (Gnoll Skald)                Turns: 1520, Time: 00:10:34

Health: -5/38      AC:  4    Str: 15    XL:     4   Next: 18%
Magic:  11/11      EV: 20    Int: 20    God:
Gold:   136        SH:  0    Dex: 19    Spells: 2/13 levels left

rFire    . . .     SeeInvis .   a - +0 falchion
rCold    . . .     Gourm    .   (no shield)
rNeg     . . .     Faith    .   b - +0 leather armour
rPois    .         Spirit   .   (no helmet)
rElec    .         Reflect  .   p - +0 cloak
rCorr    .         Harm     .   (no gloves)
MR       .....                  (no boots)
Stlth    +++.......             (no amulet)
HPRegen  0.12/turn              (no ring)
MPRegen  0.12/turn              (no ring)

@: brilliant, agile
A: distributed training, fangs 1, strong nose
a: no special abilities


You were on level 3 of the Dungeon.
You were very hungry.

You visited 1 branch of the dungeon, and saw 3 of its levels.

You collected 136 gold pieces.

Inventory:

Hand Weapons
 a - a +0 falchion (weapon)
 c - a +0 spear
 i - a +0 dagger
 j - a +0 hand axe
 m - a +1 dagger of protection
 r - a +0 dagger
 s - a +1 spear of venom
Missiles
 f - 115 stones (quivered)
 g - 19 arrows
 w - 24 sling bullets
Armour
 b - a +0 leather armour (worn)
 h - a +0 leather armour
 l - a +2 pair of gloves
 n - a +1 pair of boots
 p - a +0 cloak (worn)
 q - a +0 scale mail
Comestibles
 d - 4 rations


   Skills:
 + Level 4.6 Fighting
 + Level 1.0 Short Blades
 + Level 4.6 Long Blades
 + Level 1.0 Axes
 + Level 1.0 Maces & Flails
 + Level 1.0 Polearms
 + Level 1.0 Staves
 + Level 1.0 Slings
 + Level 1.0 Bows
 + Level 1.0 Crossbows
 + Level 1.0 Throwing
 + Level 2.7 Armour
 + Level 4.6 Dodging
 + Level 1.0 Stealth
 + Level 1.0 Shields
 + Level 1.0 Unarmed Combat
 + Level 5.0 Spellcasting
 + Level 0.8 Conjurations
 + Level 0.8 Hexes
 + Level 5.4 Charms
 + Level 0.8 Summonings
 + Level 0.8 Necromancy
 + Level 0.8 Translocations
 + Level 0.8 Transmutations
 + Level 0.8 Fire Magic
 + Level 0.8 Ice Magic
 + Level 0.8 Air Magic
 + Level 0.8 Earth Magic
 + Level 0.8 Poison Magic
 + Level 1.1 Invocations
 + Level 1.0 Evocations


You had 2 spell levels left.
You knew the following spells:

 Your Spells              Type           Power        Failure   Level  Hunger
a - Infusion              Chrm           ####         1%          1    None
b - Song of Slaying       Chrm           #####...     1%          2    None
c - Shroud of Golubria    Chrm/Tloc      ####......   1%          2    None
d - Regeneration          Chrm/Necr      ####......   1%          3    ##.....
e - Spectral Weapon       Hex/Chrm       ####....     1%          3    ##.....

Your spell library contained the following spells:

 Spells                   Type           Power        Failure   Level  Hunger


Dungeon Overview and Level Annotations

Branches:
Dungeon (3/15)

Altars:
Sif Muna
Trog

Annotations:
D:3 Sigmund


Innate Abilities, Weirdness & Mutations

Your experience applies equally to all skills.
You have very sharp teeth.
Your uncanny sense of smell can sniff out nearby items.


Message History

The worm completely misses you.
You miss something.
You feel less confused. Something hits you!
* * * LOW HITPOINT WARNING * * *
You miss something. Your bite misses something. The worm misses you.
Something hits you.
* * * LOW HITPOINT WARNING * * *
You aren't carrying any potions.
Unknown command.
As you read the scroll labeled WEKE SOIS CAV, it crumbles to dust.
The scroll dissolves into smoke.
It was a scroll of fog.
The worm closely misses you.
You closely miss something. Your bite misses something.
Something closely misses you.
You miss something. You bite something. The worm closely misses you.
Something hits you.
* * * LOW HITPOINT WARNING * * *
You hit something but do no damage. The worm bites you.
You die...

#.######## #.# #.#
#.######## #.........
#.######## #.# ∆
∆..####.###########.###
..>.........§{@w§......
...####.###########.###
.... #.... #.#.## ....#
#....# #. ..


You could see a worm.

Vanquished Creatures
  3 adders (D:2)
  An ooze (D:1)
  A worm (D:3)
  An orc (D:3)
  A ball python (D:1)
  A giant cockroach (D:3)
  2 goblins
  3 hobgoblins
  3 jackals (D:2)
  2 quokkas (D:2)
  6 bats
  A frilled lizard (D:2)
  6 kobolds
  5 rats
36 creatures vanquished.

Notes
Turn   | Place    | Note
-------+----------+-------------------------------------------
     0 | D:1      | Leeroy the Gnoll Skald began the quest for the Orb.
     0 | D:1      | Reached XP level 1. HP: 20/20 MP: 6/6
   141 | D:1      | Reached XP level 2. HP: 25/26 MP: 7/7
   149 | D:1      | Learned a level 2 spell: Song of Slaying
   152 | D:1      | Learned a level 2 spell: Shroud of Golubria
   622 | D:2      | Reached XP level 3. HP: 22/31 MP: 9/9
   627 | D:2      | Learned a level 3 spell: Regeneration
   631 | D:2      | Learned a level 3 spell: Spectral Weapon
   651 | D:2      | Found a deep blue altar of Sif Muna.
   652 | D:2      | Upgraded the game from 0.23-a0-554-gd3cbc84 to
                  | 0.23-a0-558-g30802b1
   725 | D:2      | Reached skill level 5 in Spellcasting
   975 | D:2      | Reached skill level 1 in Invocations
  1045 | D:2      | Found a bloodstained altar of Trog.
  1062 | D:2      | Reached skill level 1 in Short Blades
  1062 | D:2      | Reached skill level 1 in Axes
  1062 | D:2      | Reached skill level 1 in Maces & Flails
  1062 | D:2      | Reached skill level 1 in Polearms
  1062 | D:2      | Reached skill level 1 in Staves
  1062 | D:2      | Reached skill level 1 in Slings
  1062 | D:2      | Reached skill level 1 in Bows
  1062 | D:2      | Reached skill level 1 in Crossbows
  1062 | D:2      | Reached skill level 1 in Throwing
  1062 | D:2      | Reached skill level 1 in Stealth
  1062 | D:2      | Reached skill level 1 in Shields
  1062 | D:2      | Reached skill level 1 in Unarmed Combat
  1062 | D:2      | Reached skill level 1 in Evocations
  1062 | D:2      | Reached XP level 4. HP: 26/38 MP: 11/11
  1460 | D:3      | Noticed Sigmund
  1519 | D:3      | HP: 1/38 [something (4)]
  1520 | D:3      | Slain by a worm

Vault maps used:
D:1:      minmay_arrival_cross
D:2:      bloody_trog, serial_forest, infiniplex_forest_lined_corner,
          infiniplex_forest_lined_3, infiniplex_forest_clump_medium,
          infiniplex_forest_lined_3, infiniplex_forest_clump_long,
          infiniplex_forest_clump_diagonal, led_sif_pool
D:3:      first_ration, gammafunk_ghost_necromancy, lightli_sewer_entry_pipes,
          serial_glass, glass_columns_b, glass_columns_b, glass_columns_b,
          glass_columns_c, glass_columns_a, glass_columns_b, uniq_robin,
          uniq_sigmund

Skill      XL: |  1  2  3 |
---------------+----------+-----
Spellcasting   | 5 |  5.0
Invocations    | 1 |  1.1
Short Blades   | 1 |  1.0
Axes           | 1 |  1.0
Maces & Flails | 1 |  1.0
Polearms       | 1 |  1.0
Staves         | 1 |  1.0
Slings         | 1 |  1.0
Bows           | 1 |  1.0
Crossbows      | 1 |  1.0
Throwing       | 1 |  1.0
Stealth        | 1 |  1.0
Shields        | 1 |  1.0
Unarmed Combat | 1 |  1.0
Evocations     | 1 |  1.0
Fighting       | |  4.6
Long Blades    | |  4.6
Armour         | |  2.7
Dodging        | |  4.6
Conjurations   | |  0.8
Hexes          | |  0.8
Charms         | |  5.4
Summonings     | |  0.8
Necromancy     | |  0.8
Translocations | |  0.8
Transmutations | |  0.8
Fire Magic     | |  0.8
Ice Magic      | |  0.8
Air Magic      | |  0.8
Earth Magic    | |  0.8
Poison Magic   | |  0.8

Action                   |  1- 3 |  4- 6 || total
-------------------------+-------+-------++-------
Melee: Spear             |    29 |       ||    29
       Bite              |     9 |     6 ||    15
       Falchion          |    62 |    45 ||   107
Throw: Stone             |     4 |       ||     4
  Use: Scroll            |     1 |     1 ||     2
       Potion            |       |     5 ||     5
 Stab: Sleeping          |     1 |       ||     1
  Eat: Chunk             |     1 |       ||     1
Armor: Leather armour    |    32 |     9 ||    41
Dodge: Dodged            |   122 |    54 ||   176
       Rpst.: Falchion   |    28 |     9 ||    37

Table legend:
 A = Non-vault XP
 B = Vault XP
 C = Vault XP percentage of total XP
 D = Non-vault monster count
 E = Vault monster count
 F = Vault count percentage of total count
                 A         B        C        D         E       F
            +---------+---------+-------+---------+---------+-------
      Total |      90 |       7 |   7.2 |      33 |       3 |   8.3
            +---------+---------+-------+---------+---------+-------
        D:1 |      22 |       0 |   0.0 |      12 |       0 |   0.0
        D:2 |      63 |       0 |   0.0 |      19 |       0 |   0.0
        D:3 |       5 |       7 |  58.3 |       2 |       3 |  60.0
            +---------+---------+-------+---------+---------+-------
